 Dungeon Crawl Stone Soup version 0.18.1-2-ga659475 (webtiles) character file.

32 CosmicAfro the Firebug (level 3, 0/19 HPs)
             Began as a Tengu Fire Elementalist on May 7, 2016.
             Was an Initiate of Vehumet.
             Succumbed to an adder's poison
             ... on level 2 of the Dungeon.
             The game lasted 00:03:04 (1297 turns).

CosmicAfro the Firebug (Tengu Fire Elementalist)    Turns: 1297, Time: 00:03:04

Health: 0/19       AC:  2    Str:  8    XL:     3   Next: 25%
Magic:  1/7        EV: 12    Int: 16    God:    Vehumet [......]
Gold:   25         SH:  0    Dex: 14    Spells: 2 memorised, 3 levels left

rFire  . . .     SeeInvis .     q - +0 hand axe
rCold  . . .     Gourm    .     a - +0 robe
rNeg   . . .     Faith    .     (no shield)
rPois  .         Spirit   .     (helmet restricted)
rElec  .         Dismiss  .     (no cloak)
rCorr  .         Reflect  .     (no gloves)
SustAt +         Harm     .     (boots unavailable)
MR     .....                    (no amulet)
Stlth  ++........               (no ring)
                                o - ring of sustain attributes

@: lethally poisoned (0 -> -3), not resistant to hostile enchantments,
unstealthy
A: beak, talons 3
a: Renounce Religion


You were on level 2 of the Dungeon.
You worshipped Vehumet.
Vehumet was noncommittal.
You were near starving.

You visited 1 branch of the dungeon, and saw 2 of its levels.

You collected 25 gold pieces.

Inventory:

Hand Weapons
 q - a +0 hand axe (weapon)
Armour
 a - a +0 robe (worn)
Jewellery
 o - a ring of sustain attributes (left hand)
Wands
 m - a wand of paralysis (8/24)
Scrolls
 f - 4 scrolls of identify {unknown}
 i - a scroll of remove curse {unknown}
 k - a scroll of magic mapping {unknown}
 r - a scroll of teleportation {unknown}
Potions
 e - 2 potions of might {unknown}
 g - a potion of lignification {unknown}
 h - 2 potions of flight {unknown}
 j - a potion of curing {unknown}
 l - a potion of heal wounds {unknown}
 s - a potion of brilliance {unknown}
Books
 b - a book of Flames

   Spells                             Type                      Level
   a - Flame Tongue                   Conjuration/Fire             1
   b - Throw Flame                    Conjuration/Fire             2
   c - Conjure Flame                  Conjuration/Fire             3
   d - Inner Flame                    Hexes/Fire                   3
   e - Sticky Flame                   Conjuration/Fire             4
   f - Fireball                       Conjuration/Fire             5
Comestibles
 c - 2 bread rations
 d - a beef jerky
 n - 3 fruits
 p - a meat ration


   Skills:
 - Level 2.1 Dodging
 - Level 2.0 Stealth
 + Level 2.4 Spellcasting
 + Level 2.3 Conjurations
 + Level 4.0 Fire Magic


You had 3 spell levels left.
You knew the following spells:

 Your Spells              Type           Power        Failure   Level  Hunger
a - Flame Tongue          Conj/Fire      ##...        8%          1    #......
b - Throw Flame           Conj/Fire      ##....       10%         2    ###....


Dungeon Overview and Level Annotations

Branches:
Dungeon (2/15)

Altars:
Vehumet


Innate Abilities, Weirdness & Mutations

You have a beak for a mouth.
You have claws for feet.


Message History

Increase (S)trength, (I)ntelligence, or (D)exterity?
You feel clever.
* * * LOW HITPOINT WARNING * * *
You feel sick.
Casting: Flame Tongue
Confirm with . or Enter, or press ? or * to list all spells.
Aiming: Flame Tongue
Press: ? - help, Shift-Dir - straight line, f - goblin
Aim: a goblin, wielding a club The flame tongue misses the goblin.
The goblin barely misses you.
Casting: Flame Tongue
Confirm with . or Enter, or press ? or * to list all spells.
You don't have enough magic to cast that spell.
Unknown command.
* * * LOW HITPOINT WARNING * * *
You feel sick.
There is a large open door here.
The goblin hits you with a club.
* * * LOW HITPOINT WARNING * * *
You die...

.#.####.....)###.#.##.#.#...#.#
# .#...........#
#.#.##.#.#...#.# #
'##....#.##### #.#.##.#.#...#.#
# ..#....#.# #.#.##.#.#...#.# #
..#....#.# #.#.##.#.....#.# #
..##.###.# #.#.##..#....#.# #
..##..##.# #.#.###. ....#.###
....#.##(# #.#.. .. #....
....#.รท#.# #@#####.##...#####
....##.#.# #............ #
....##...# ####gl#######. #
....###..# ##........## # .####
#..# ##....K.....## # ## #..#
#......?.....# #..#
.........(....# ##.#
............... ########.#
...............


You could see a goblin and a giant newt.

Vanquished Creatures
  An adder (D:2)
  An ooze (D:1)
  A dart slug (D:1)
  3 bats
  2 giant cockroaches (D:1)
  3 hobgoblins
  2 giant newts (D:1)
  2 kobolds (D:1)
  2 rats (D:1)
17 creatures vanquished.

Notes
Turn   | Place    | Note
--------------------------------------------------------------
     0 | D:1      | CosmicAfro the Tengu Fire Elementalist began the quest for the Orb.
     0 | D:1      | Reached XP level 1. HP: 10/10 MP: 4/4
   176 | D:1      | Reached XP level 2. HP: 7/15 MP: 1/6
   825 | D:2      | Found a radiant altar of Vehumet.
   831 | D:2      | Became a worshipper of Vehumet
   942 | D:2      | Learned a level 2 spell: Throw Flame
  1290 | D:2      | Reached skill level 4 in Fire Magic
  1290 | D:2      | Reached XP level 3. HP: 5/19 MP: 1/7
  1297 | D:2      | Succumbed to an adder's poison

Skill      XL: |  1  2 |
---------------+-------+-----
Conjurations   | 2 |  2.3
Fire Magic     | 4 |  4.0
Dodging        | |  2.1
Stealth        | |  2.0
Spellcasting   | |  2.4

Action                   || total
-------------------------++-------
Melee: Unarmed           ||     3
       Kick              ||     1
 Cast: Flame Tongue      ||    37
Armor: Robe              ||     4
Dodge: Dodged            ||     9
